[Event "71st Greek Championship 2022"]
[Site "Athens"]
[Date "2022.12.10"]
[Round "8.1"]
[White "Skembris, Spyridon"]
[Black "Moutousis, Konstantinos"]
[Result "1/2-1/2"]
[ECO "D30"]
[WhiteElo "2381"]
[BlackElo "2392"]
[Annotator "TA"]
[PlyCount "207"]
[EventDate "2022.12.04"]
[EventType "tourn"]
[EventCountry "GRE"]
[SourceTitle "playchess.com"]
[Source "ChessBase"]
[SourceQuality "1"]
[TimeControl "40/5400+30:1800+30"]

1. c4 e6 2. Nf3 d5 3. d4 c5 4. cxd5 exd5 5. g3 Nc6 6. Bg2 c4 7. O-O Bb4 8. b3 cxb3 9. Qxb3 Nge7 10. Ba3 Bxa3 11. Nxa3 O-O 12. e3 b6 13. Rfc1 f6 14. Nd2 Be6 15. Nb5 Qd7 16. a4 Rac8 17. Qa3 Rfd8 18. Nb3 a5 19. Nd2 Nb4 20. Rxc8 Rxc8 21. Rc1 Nec6 22. h4 Qe7 23. Rc3 Kf8 24. Qb3 Rd8 25. Qb1 g6 26. Qb3 Kg7 27. Kh2 h6 28. Kg1 g5 29. hxg5 hxg5 30. Qb1 Bf7 31. Qd1 (31. Bh3 {with more complications.} Be6 32. Bf5 Qd7 33. g4) 31... Bg6 32. Qb3 Bf7 33. Qd1 Rd7 34. Bh3 Be6 35. Qh5 Bxh3 (35... Rd8 $11 36. Bxe6 Qxe6) 36. Qxh3 $16 Rd8 37. Qf5 (37. g4 $1 $16) 37... Qf7 38. Nf3 Qd7 39. Qxd7+ Rxd7 40. Ne1 Na7 41. Nxa7 Rxa7 42. Nc2 Kf7 43. Na3 Ke7 44. Rc8 (44. Nb5 $5 Rd7 45. Rc8 $14) 44... Rd7 45. Nb5 Rd8 $1 46. Rc7+ Rd7 $1 47. Rc8 Rb7 (47... Rd8 $1 $11 {remains equal.} 48. Rc1 Re8) 48. g4 $16 Kd7 49. Rf8 Ke6 50. Re8+ Kd7 51. Rg8 Ke6 52. Re8+ Kd7 $1 53. Rh8 Ke6 54. Kg2 Nc6 $2 (54... Nd3 $16 {was called for.}) 55. f4 $1 $18 gxf4 56. exf4 Rg7 57. Kf3 Ne7 58. Rb8 Rh7 $2 (58... Kd7 59. Rxb6 f5 60. Rd6+ Kc8 61. gxf5 Nxf5) 59. Rxb6+ $18 Kf7 60. Nd6+ Kf8 (60... Kg8 $142 61. Kg2 Rg7 62. Rb8+ Kh7) 61. Rb8+ $18 Kg7 62. Rb7 Kg8 63. Rc7 Rh3+ 64. Kg2 Re3 (64... Rh7 $142 65. Ra7 Ng6 66. Ra8+ Kg7) 65. Kf2 $18 Re6 66. Rd7 Nc6 67. f5 Re7 68. Rxe7 Nxe7 69. Ne8 Kf7 70. Nc7 $1 Nc6 71. Ke3 Nb4 72. Nb5 Kg7 73. Kf4 $1 Nd3+ {[%emt 0:00:30] [#]} 74. Kg3 $1 Nb2 75. Nc3 Kh7 (75... Kf8 $142 76. Kh4 (76. Nxd5 Nxa4 77. Nxf6 Nc3 $16) 76... Kf7) 76. Kh4 Kh6 77. Nxd5 Nxa4 78. Nxf6 Nc3 79. Nd7 (79. g5+ $142 Kg7 80. d5 Nb5 81. Ng4 Nd6 82. f6+ Kg6 83. Ne5+ Kf5 84. f7 Nxf7 85. Nxf7) 79... a4 80. g5+ Kg7 81. Nc5 $2 (81. f6+ {mates} Kf7 82. Ne5+ Ke8 83. g6 Nd5 84. Kg5 Nc7 85. g7 Ne6+ 86. Kf5) 81... a3 $11 82. Nb3 a2 83. Na1 Kf7 84. Kg4 Ke7 85. Kf4 Kd6 86. Ke3 (86. f6 {with more complications.} Ke6 87. Nc2 Nd5+ 88. Ke4) 86... Nd5+ (86... Ke7 {is interesting.} 87. f6+ Ke6 88. Nb3 Nb5) 87. Ke4 Nc3+ 88. Kd3 Nd5 89. Ke4 (89. f6 $5 Ke6 90. Kc4 $11) 89... Nc3+ 90. Kd3 Nd5 91. f6 Ke6 92. Kc4 Kd6 (92... Nf4 {seems wilder.} 93. Nc2 Nh3 94. d5+ Kf7) 93. Kb3 (93. f7 {keeps more tension.} Nb6+ 94. Kb3 Ke7 95. f8=N) 93... Nf4 $2 (93... Ke6 $11) 94. Kxa2 $18 Ke6 {[%emt 0:00:18] [#]} 95. Kb3 $2 (95. Nb3 $1 $18 Kd5 96. Kb2) 95... Kf5 $11 96. f7 (96. Kc4 $5 Kxg5 97. Nc2 $11 (97. f7 Ng6 $11)) 96... Ng6 97. Kc4 (97. f8=B {simplifies} Nxf8 98. Nc2 Kxg5 99. Ne3) 97... Kxg5 98. Kc5 (98. d5 {feels hotter.} Kf6 99. d6 Kxf7 100. Nc2) 98... Kf6 99. Nb3 Kxf7 100. d5 Ke8 101. Nd4 Ne7 102. d6 (102. Kd6 $5) 102... Nc8 103. Kc6 Nxd6 104. Kxd6 1/2-1/2

[Event "71st Greek Championship 2022"]
[Site "Athens"]
[Date "2022.12.10"]
[Round "8.2"]
[White "Naoum, Spyridon"]
[Black "Markidis, Konstantinos"]
[Result "1/2-1/2"]
[ECO "D37"]
[WhiteElo "2352"]
[BlackElo "2290"]
[Annotator "TA"]
[PlyCount "125"]
[EventDate "2022.12.04"]
[EventType "tourn"]
[EventCountry "GRE"]
[SourceTitle "playchess.com"]
[Source "ChessBase"]
[SourceQuality "1"]
[TimeControl "40/5400+30:1800+30"]

1. d4 d5 2. c4 e6 3. Nc3 Be7 4. Nf3 Nf6 5. Bf4 O-O 6. e3 Nbd7 7. c5 Nh5 8. b4 {[%emt 0:01:54] D37: Queen's Gambit Declined: 5 Bf4.} Nxf4 9. exf4 c6 10. Bd3 b6 11. O-O a5 12. a3 Ba6 {[%emt 0:00:26] Nowadays more popular than 12...Qc7.} 13. Bxa6 Rxa6 14. b5 cxb5 15. c6 Nb8 16. Qe2 Nxc6 17. Qxb5 {[%emt 0:00:32] [#]} Ra8 $146 {[%emt 0:12:48][%mdl 2048] White is under pressure.} ({Predecessor:} 17... Nb8 18. Rfc1 Qd7 19. Ne5 Qxb5 20. Nxb5 Bf6 21. Rc7 Ra8 22. Rb7 Bxe5 23. fxe5 Na6 24. Rxb6 {1-0 (60) Turzo,A (2338)-Anishka,V (2000) Budapest 2022}) 18. Na4 ({Of course not} 18. Qxc6 Rc8 19. Qb5 Rxc3 $17) (18. f5 $15) 18... Na7 ({Black should try} 18... Qd6 $17 {White must now prevent ...Na7.} 19. g3 Rab8) 19. Qa6 (19. Qxb6 $15 Qd7 20. Nc5) 19... b5 20. Nc5 Bxc5 21. dxc5 Qc7 {[%emt 0:08:51][%csl LRc5,LRf4] Prevents f5.} 22. Rfc1 (22. g3 $17 {is a better defense.}) 22... Qxf4 $19 23. Qxa5 Rfc8 24. a4 (24. c6 $17 {was worth a try.}) 24... bxa4 25. c6 h6 (25... Rxc6 $2 26. Rxc6 (26. Rxa4 Rxc1+ 27. Ne1 Qxa4 28. Qd2 Qc2 29. Qe3 d4) 26... h6 27. Ra6 $18) 26. Qxa4 Qxa4 27. Rxa4 Nb5 {[%emt 0:00:59] Prevents Nd4.} (27... Rxc6 $2 28. Rxc6 Rb8 29. Rc1 $18 (29. Rxa7 $2 {gets mated.} Rb1+)) 28. Rxa8 Rxa8 {[%emt 0:00:06][%mdl 4096] Endgame KRN-KRN} 29. Kf1 Kf8 30. Rb1 {[%emt 0:01:19] [#]} Nd6 31. Nd4 Rc8 32. f4 g5 (32... Ra8 $142 33. c7 Ke7) 33. g3 $17 gxf4 34. gxf4 Nf5 (34... Ra8 {is more complex.} 35. f5 Re8 36. fxe6 fxe6 37. c7 Ke7) 35. Nxf5 exf5 $15 {[%emt 0:00:07] KR-KR} 36. Rd1 Rxc6 37. Rxd5 Rc2 38. Kg1 Kg7 39. Rxf5 Rc4 40. Kg2 Kg6 41. Ra5 Rxf4 42. Kg3 Rb4 43. Rc5 Rb3+ 44. Kf4 Rh3 45. Rc6+ f6 46. Rc2 Ra3 47. Rg2+ Kh5 48. Rg8 Ra1 49. Kf3 Rf1+ 50. Kg2 Rf5 51. Ra8 Rg5+ 52. Kf2 Kh4 53. Ra6 Rg6 54. Ra3 f5 55. Rf3 {[%emt 0:00:54] The position is equal.} Rf6 56. Kg2 f4 57. Ra3 Kg4 58. h3+ Kh4 59. Ra4 h5 60. Kf3 Kxh3 61. Rxf4 Ra6 62. Kf2 Ra2+ 63. Kg1 {[%emt 0:00:54] White happily takes the draw.   Weighted Error Value: White=0.15 (very precise) /Black=0.12 (very precise)} 1/2-1/2

[Event "71st Greek Championship 2022"]
[Site "Athens"]
[Date "2022.12.10"]
[Round "8.3"]
[White "Mitsis, Georgios"]
[Black "Alexiadis, Hristos"]
[Result "1/2-1/2"]
[ECO "E05"]
[WhiteElo "2365"]
[BlackElo "2342"]
[Annotator "TA"]
[PlyCount "60"]
[EventDate "2022.12.04"]
[EventType "tourn"]
[EventCountry "GRE"]
[SourceTitle "playchess.com"]
[Source "ChessBase"]
[SourceQuality "1"]
[TimeControl "40/5400+30:1800+30"]

1. d4 Nf6 2. Nf3 e6 3. c4 d5 4. g3 Be7 5. Bg2 O-O 6. O-O dxc4 7. Qc2 a6 8. a4 Bd7 9. Qxc4 Bc6 10. Bf4 Bd6 {[%emt 0:00:15] E05: Open Catalan: 5 Nf3 Be7.} 11. Nc3 a5 12. Bg5 Bb4 {[%emt 0:08:53] [#]} 13. Rfd1 $146 ({Predecessor:} 13. Rfe1 h6 14. Bxf6 Qxf6 15. e4 Nd7 16. Qe2 Nb6 17. Ne5 Be8 18. Red1 c5 19. Ng4 {0-1 (42) Cheparinov,I (2673)-Tunik,G (2429) Golden Sands 2012}) 13... h6 14. Bxf6 Qxf6 15. Ne5 Bxg2 $1 16. Kxg2 Qe7 17. Rac1 c6 18. Ne4 Rd8 19. Nd3 Na6 {[%emt 0:00:17] The position is equal.} 20. Nec5 Bxc5 21. Nxc5 Nxc5 22. Qxc5 Kf8 23. Rd3 Qxc5 24. Rxc5 $11 {[%emt 0:00:12][%mdl 4096] Endgame KRR-KRR} Ke7 25. Rb3 Ra7 26. e3 Kd6 27. Kf3 Kc7 28. Rc4 Raa8 29. Rbc3 Rd7 30. Rb3 Rad8 {[%emt 0:00:56] An even fight not without its subleties.   Weighted Error Value: White=0.06 (flawless) /Black=0.04 (flawless)} 1/2-1/2

[Event "71st Greek Championship 2022"]
[Site "Athens"]
[Date "2022.12.10"]
[Round "8.4"]
[White "Trimitzios, Petros"]
[Black "Koutlas, Nikolaos"]
[Result "0-1"]
[ECO "A07"]
[WhiteElo "2358"]
[BlackElo "2267"]
[Annotator "TA"]
[PlyCount "118"]
[EventDate "2022.12.04"]
[EventType "tourn"]
[EventCountry "GRE"]
[SourceTitle "playchess.com"]
[Source "ChessBase"]
[SourceQuality "1"]
[TimeControl "40/5400+30:1800+30"]

1. Nf3 d5 2. b3 Bf5 3. Bb2 e6 4. g3 Nf6 5. Bg2 h6 6. O-O Be7 {[%emt 0:00:56] A07: Réti Opening: New York and Capablanca Systems.} 7. c4 O-O $1 {[%emt 0:00:36] [#] The main line 7...0-0 scores better than 7...c6.} 8. Re1 $146 ({Predecessor:} 8. d3 Bh7 9. Nbd2 a5 10. a3 c6 11. Ra2 Nbd7 12. Qa1 b5 13. Rc1 Qb6 14. cxb5 cxb5 15. Bd4 Qb7 16. Rac2 Rfc8 17. a4 bxa4 18. bxa4 Rxc2 19. Rxc2 Rc8 {0-1 (39) Moussard,J (2672)-Caruana,F (2783) Chess.com INT 2022}) 8... a5 {[%emt 0:08:01][%cal Oa5a4] The position is equal.} 9. Nc3 c6 10. d3 Bh7 11. e4 Na6 (11... d4 $5 12. Na4 b5 $11) 12. cxd5 cxd5 13. exd5 Nb4 14. dxe6 (14. Ne5 {simplifies} Nbxd5 15. Nxd5 Nxd5 16. Rc1) 14... Nxd3 15. exf7+ Rxf7 16. Ne5 $1 Nxb2 17. Qe2 Nd3 18. Nxf7 Kxf7 19. Red1 (19. Bxb7 $2 Ra7 20. Qf3 (20. Bh1 $2 Bb4 $19) 20... Nxe1 21. Rxe1 Bb4 $19) (19. Rad1 $1 $11 Bb4 20. Be4 Bxe4 21. Nxe4 Bxe1 22. Rxd3 Bxf2+ 23. Kxf2 Qb6+ 24. Kg2) 19... Qd4 $1 $17 (19... Rc8 20. Ne4 Qd4 21. Qxd3 $11) 20. Nb5 Qd7 {[%emt 0:00:53] Black is more active.} 21. a4 (21. Nc3 $17) 21... Rd8 $19 22. Ra2 Kf8 23. Bf3 Qf5 24. g4 (24. Rc2 $142) 24... Qd7 25. Rc2 {[%emt 0:04:00] [#]} Bb4 (25... Nf4 $1 $19 26. Qe1 N6d5) 26. Rc7 {[%emt 0:03:28] [#]} Nf4 $1 27. Qf1 {[%emt 0:00:02] [#]} Qxd1 {[%emt 0:00:15] The board is on fire.} 28. Qxd1 (28. Bxd1 $2 Bd3 $19) 28... Rxd1+ 29. Bxd1 {[%emt 0:00:01] [#]} Be4 $1 30. h4 Ne6 {[%emt 0:05:17] Inhibits Nd4.} 31. Rc8+ Ke7 32. Kh2 Kd7 33. Ra8 Bd2 34. f3 (34. Kg1 {keeps fighting.}) 34... Bd5 35. Na3 Nd8 36. Nb5 (36. Nc4 $142 Bxc4 37. bxc4) 36... Bf4+ 37. Kh3 b6 38. Ra6 Bc7 {[%emt 0:00:31] A strong pair of Bishops.} 39. g5 hxg5 40. hxg5 Ng8 (40... Ne8 $19 {Hoping for ...Nd6.} 41. f4 Nd6) 41. Bc2 $2 {[%emt 0:03:53] White does not recover from this.} (41. f4 $17 {is the only way for White.} Bxf4 42. Rxb6) 41... Ne7 ({Much less strong is} 41... Bxf3 42. Ra7 Nb7 43. Bf5+ Kd8 44. Ra8+ Ke7 45. Bg4 $18 (45. Rxg8 Be5 $16)) 42. Ra7 $2 {[%emt 0:01:50] [#]} (42. Kg4 {was necessary.}) 42... Ne6 $1 43. Be4 Bxe4 44. fxe4 Nc8 ({Inferior is} 44... Nxg5+ 45. Kg4 Ne6 46. Nxc7 Nxc7 47. Rb7 $19) 45. Ra8 Nxg5+ 46. Kg4 Nxe4 47. b4 axb4 {[%emt 0:02:08] aiming for ...b3.} 48. a5 bxa5 {[%emt 0:00:15] White must now prevent ...b3.} 49. Nxc7 Kxc7 {[%emt 0:00:04] Black mates.} 50. Rxa5 Kb6 51. Ra8 Ncd6 52. Kf4 Kc5 53. Ke5 b3 54. Rb8 Kc4 55. Rb6 Kc3 56. Kf4 b2 57. Rb8 Kc2 58. Kg4 b1=Q 59. Rxb1 Kxb1 {[%emt 0:00:12] Weighted Error Value: White=0.52/Black=0.13 (very precise)} 0-1

[Event "71st Greek Championship 2022"]
[Site "Athens"]
[Date "2022.12.10"]
[Round "8.5"]
[White "Marinakis, Hristos"]
[Black "Alexakis, Dimitris"]
[Result "0-1"]
[ECO "B48"]
[WhiteElo "2118"]
[BlackElo "2486"]
[Annotator "TA"]
[PlyCount "46"]
[EventDate "2022.12.04"]
[EventType "tourn"]
[EventCountry "GRE"]
[SourceTitle "playchess.com"]
[Source "ChessBase"]
[SourceQuality "1"]
[TimeControl "40/5400+30:1800+30"]

1. e4 c5 2. Nf3 e6 3. d4 cxd4 4. Nxd4 Nc6 5. Nc3 Qc7 6. Be3 a6 7. g4 {[%emt 0:00:43] 7.g4 is the modern continuation. B48: Sicilian: Taimanov: 5 Nc3 Qc7 6 Be3 a6 without Be2.} b5 8. Nxc6 Qxc6 9. Qd2 {[%emt 0:01:08] The position is equal.} Bb7 (9... b4 $5 10. Ne2 Qxe4 $15) 10. O-O-O Nf6 {[%emt 0:02:49][%csl LRe4,LRg4][%cal Bg8f6,Bf6d7,Bd7b6,Bb6c4][%mdl 32] [#] Threatens to win with ...b4.} 11. f3 d6 (11... b4 $11 12. Ne2 d5) 12. Bg2 (12. a3 $14) 12... Be7 13. g5 Nd7 14. f4 Nb6 {[%emt 0:12:48] [#]} 15. Qd4 $146 ({Predecessor:} 15. b3 Rc8 16. Ne2 O-O 17. f5 e5 18. Ng3 g6 19. f6 Bd8 20. h4 Nd7 21. Kb1 {1-0 (70) Bleeker,K (1823)-Boelhouwer,C (2151) Vlissingen 2022}) 15... Nc4 16. h4 (16. Qxg7 $11 Nxe3 17. Qxh8+ Kd7 18. Qxh7) 16... b4 {[%emt 0:15:27][%cal Bb5b4,Bb4c3,Bc3c2][%mdl 32] ...e5 is the strong threat.} 17. Ne2 (17. Nd5 $15 exd5 18. exd5) 17... Rc8 $17 18. c3 (18. Kb1 $17) 18... O-O {[%emt 0:05:17] Strongly threatening ...Qb5.} 19. Kb1 {[%emt 0:01:53] [#]} d5 (19... Qb5 $142 $1 20. cxb4 d5) 20. e5 $2 {[%emt 0:08:28][%mdl 8192] Now White is beyond hope.} (20. exd5 $2 {loses.} Qb5 21. cxb4 Qxb4 $17) (20. Bc1 $17) 20... Qb5 $19 21. Bc1 {[%emt 0:04:54] Black is clearly winning.} bxc3 22. b3 (22. Nxc3 $142 Na3+ 23. Ka1 Nc2+ 24. Kb1 Nxd4 25. Nxb5 Nxb5 26. h5) 22... Na3+ 23. Bxa3 c2+ {[%emt 0:00:06] Weighted Error Value: White=0.68/Black=0.26 (precise)} (23... Bxa3 $2 {perishes.} 24. Nxc3 Qc6 25. Rh3 $19) 0-1

[Event "71st Greek Championship 2022"]
[Site "Athens"]
[Date "2022.12.11"]
[Round "9.1"]
[White "Alexakis, Dimitris"]
[Black "Skembris, Spyridon"]
[Result "0-1"]
[ECO "C56"]
[WhiteElo "2486"]
[BlackElo "2381"]
[Annotator "TA"]
[PlyCount "146"]
[EventDate "2022.12.04"]
[EventType "tourn"]
[EventCountry "GRE"]
[SourceTitle "playchess.com"]
[Source "ChessBase"]
[SourceQuality "1"]
[TimeControl "40/5400+30:1800+30"]

1. e4 e5 2. Nf3 Nc6 3. Bc4 Nf6 4. d4 exd4 5. O-O Nxe4 6. Re1 d5 7. Bxd5 Qxd5 8. Nc3 Qd7 9. Nxe4 Be7 10. Bg5 O-O 11. Bxe7 Qxe7 12. Nxd4 {[%emt 0:00:06] C56: Two Knights: 4 d4 exd4 5 0-0 Nxe4.} Bd7 13. Nb3 Rae8 14. Qd2 {[%emt 0:17:33] The position is equal.} Bc8 {[%emt 0:00:00] [#]} 15. Qc3 $146 ({Predecessor:} 15. Nc3 Qf6 16. Rxe8 Rxe8 17. Re1 Rd8 18. Qe3 h6 19. h3 Bf5 20. Re2 Qg6 21. Ne4 {0-1 (58) Gayson,P (2140)-Cumming,R (2289) Daventry 2020}) 15... Qe5 (15... Qb4 {keeps more tension.} 16. f3 Bf5 17. Nbc5 Re5) 16. f3 Qxc3 17. Nxc3 {[%emt 0:00:55] Pair of Knights!} Bf5 18. Rxe8 Rxe8 19. Rc1 Nb4 20. Nd4 Bg6 21. a3 Rd8 22. axb4 Rxd4 $11 {[%emt 0:00:06][%mdl 4096] Endgame KRB-KRN} 23. b5 Kf8 24. Ra1 b6 (24... Bxc2 25. Rxa7 Ke7 26. Rxb7 $16) 25. Rxa7 Rd7 26. Kf2 Bxc2 27. Ke3 Ke7 28. h4 h5 29. Nd5+ Rxd5 (29... Kd6 $5 30. Nf4 g6 $11) 30. Rxc7+ Kd6 31. Rxc2 Rxb5 {[%emt 0:00:07] KR-KR} 32. Kf4 f6 33. g4 g6 34. Rd2+ Ke6 35. Re2+ Kf7 36. gxh5 Rxh5 37. Kg4 Rb5 38. Rc2 Kg7 39. Kg3 $1 Kh6 40. Rd2 Rb4 41. Rd6 Kg7 42. Rd2 Kf7 43. Re2 Rb5 44. Kf4 Rb3 45. Kg4 Rb4+ 46. Kg3 Kg7 47. Rd2 Kh6 48. Rd6 f5 49. Rd2 b5 50. Rc2 g5 51. hxg5+ Kxg5 52. Rc5 Rb3 53. Rc2 f4+ 54. Kg2 Kh4 55. Rd2 Rb4 56. Re2 Rc4 57. Kf2 b4 {[%emt 0:00:43][%cal Bb5b4,Bb4b3][%mdl 32] ( -> ...b3)} 58. Ke1 $2 {[%emt 0:00:37][%mdl 8192] [#] Now White is beyond hope.} (58. Re4 $11 Rc2+ 59. Ke1) 58... b3 {[%emt 0:01:07] Black mates.} 59. Re4 Rc1+ 60. Kd2 Rc2+ 61. Kd1 Kg3 $1 ({Weaker is} 61... Rxb2 62. Rxf4+ Kg5 63. Rg4+ (63. Rb4 Kf5 $11) 63... Kf6 64. Rb4 $11) 62. Rd4 Rxb2 (62... Kxf3 63. Rd3+ Kf2 64. Rxb3 $19) 63. Rd3 Kg2 64. Kc1 Rf2 65. Rxb3 Rxf3 66. Rb8 Rd3 67. Kc2 Rd7 68. Rg8+ Kf2 69. Rf8 f3 70. Rf6 Ke2 71. Re6+ Kf1 72. Rf6 f2 73. Rf8 Rg7 {[%emt 0:00:31] Weighted Error Value: White=0.18 (very precise) /Black=0.02 (flawless)} 0-1

[Event "71st Greek Championship 2022"]
[Site "Athens"]
[Date "2022.12.11"]
[Round "9.2"]
[White "Koutlas, Nikolaos"]
[Black "Marinakis, Hristos"]
[Result "1-0"]
[ECO "C54"]
[WhiteElo "2267"]
[BlackElo "2118"]
[Annotator "TA"]
[PlyCount "81"]
[EventDate "2022.12.04"]
[EventType "tourn"]
[EventCountry "GRE"]
[SourceTitle "playchess.com"]
[Source "ChessBase"]
[SourceQuality "1"]
[TimeControl "40/5400+30:1800+30"]

1. e4 e5 2. Nf3 Nc6 3. Bc4 Bc5 4. c3 Nf6 5. d3 a6 ({But not} 5... d5 6. exd5 Nxd5 7. Qb3 $16) 6. a4 {[%emt 0:00:06] C54: Giuoco Piano: 4 c3 Nf6, main lines with 5 d4 and 5 d3.} Ba7 7. O-O O-O 8. Re1 {[%emt 0:00:06] White has an edge.} h6 9. h3 d6 10. b4 (10. Nbd2 {keeps more tension.} Nh5 11. Nf1 Qf6 12. Be3) 10... Be6 11. Bxe6 fxe6 12. Be3 Bxe3 13. Rxe3 Qe8 14. Nbd2 Nh5 15. g3 Qf7 {[%emt 0:05:07] [#]} 16. Nf1 $146 ({Predecessor:} 16. Qf1 Kh7 17. Nc4 Qf6 18. b5 Nd4 19. Nxd4 exd4 20. e5 Qf7 21. cxd4 axb5 22. Nb2 dxe5 23. dxe5 {0-1 (35) Abeysinghe,H (1546)-Rouda Essa,A (1893) Muscat 2022}) 16... Ne7 17. N1h2 Nf6 18. Re2 Ng6 19. Rb2 d5 20. Qe2 dxe4 21. dxe4 Rad8 22. b5 Qe7 23. bxa6 bxa6 24. Qc4 {[%emt 0:00:44] Against Qc5} Rb8 {[%emt 0:03:46] Against a5} (24... Qd7 $16) 25. Rxb8 $1 $18 Rxb8 26. Qxa6 Qc5 27. Qxe6+ Kh7 28. Qf5 ({White should play} 28. Ng4 $18 Nxg4 29. Qxg4 (29. hxg4 $2 {too greedy.} Qxc3 30. Re1 Qxf3 $19)) 28... Ng8 (28... Qxc3 $16 {is a better defense.} 29. Rf1 Ng8) 29. c4 N8e7 30. Qe6 Rb2 $2 (30... Rb6 {keeps fighting.} 31. Qd7 Qxc4) 31. Ng4 Rb6 32. Qf7 Qd6 33. Ne3 (33. Kg2 $142) 33... Qd3 {[%emt 0:03:34] White must now prevent ...Rf6.} 34. Ng4 {[%emt 0:07:30] Prevents Rf6.} (34. Rd1 $142 Qxe4 35. Nd2 (35. Rd7 Rf6 $17)) 34... Qd6 35. a5 Rb8 36. a6 Ra8 {[%emt 0:00:33] Inhibits c5.} (36... Nc6 $142 37. c5 Qe7 38. Qxe7 Ngxe7) 37. a7 {[%emt 0:00:14][%cal Oc4c5] Threatens to win with c5!} Nc6 38. c5 Qd8 (38... Qe7 $142 39. Qf5 Rxa7 40. Rxa7 Nxa7 41. Nfxe5 Qg5 42. Qxg5 hxg5) 39. Ra6 Nge7 {[%emt 0:00:38] [#]} 40. Nfxe5 (40. Ng5+ $142 $1 Kh8 41. Nxh6 $1 Qf8 42. Qxf8+ Rxf8 43. a8=Q Rc8 44. Nhf7+ Kg8 45. Qxc8+ $3 Nxc8 46. Rxc6) 40... Rxa7 41. Rxa7 {[%emt 0:00:39] Weighted Error Value: White=0.36/Black=0.59} (41. Nf6+ $142 Kh8 {[#]} 42. Qg6 $3 Qd1+ 43. Kh2 Qg1+ 44. Kxg1 Nxg6 45. Nxg6#) 1-0

[Event "71st Greek Championship 2022"]
[Site "Athens"]
[Date "2022.12.11"]
[Round "9.3"]
[White "Alexiadis, Hristos"]
[Black "Trimitzios, Petros"]
[Result "1-0"]
[ECO "A48"]
[WhiteElo "2342"]
[BlackElo "2358"]
[Annotator "TA"]
[PlyCount "151"]
[EventDate "2022.12.04"]
[EventType "tourn"]
[EventCountry "GRE"]
[SourceTitle "playchess.com"]
[Source "ChessBase"]
[SourceQuality "1"]
[TimeControl "40/5400+30:1800+30"]

1. d4 Nf6 2. Nf3 g6 3. Bg5 Bg7 4. c3 d6 5. Nbd2 h6 6. Bh4 g5 7. Bg3 Nh5 8. e4 c6 {[%emt 0:03:31] A48: 1 d4 Nf6 2 Nf3 g6: Torre, London and Colle Systems.} 9. Bd3 Nxg3 10. hxg3 Nd7 {[%emt 0:00:51] [#] White is slightly better.} 11. Qe2 $146 ({Predecessor:} 11. Qc2 Qc7 12. O-O Nf8 13. a4 Bg4 14. Rfe1 e5 15. dxe5 dxe5 16. Nc4 Ne6 17. Ne3 Bxf3 18. gxf3 {1-0 (44) Stamatis,I (1876)-Stefanidi,M (1983) Tornelo INT 2021}) 11... Qc7 12. Nc4 Nb6 13. Ne3 e6 14. Rh5 Bd7 15. O-O-O c5 16. Bb5 cxd4 17. Nxd4 {[%emt 0:02:47] Threatening Bxd7+.} a6 18. Bxd7+ Nxd7 19. Rhh1 Nc5 20. Nec2 O-O-O 21. Nb3 Na4 22. Rd3 Nb6 23. Ne3 Qc6 24. Rhd1 Rd7 25. Nc2 (25. R3d2 {keeps more tension.} Kc7 26. Qd3 Kb8 27. Nd4) 25... Rhd8 26. Kb1 Bf8 27. f4 d5 28. Nbd4 Qc7 29. e5 Na4 30. Nb3 Qc4 31. Ncd4 (31. Qf3 {seems wilder.} Kb8 32. Rh1 Rc8 33. Ncd4) 31... Nb6 32. Qc2 Qc7 33. Qe2 Nc4 34. Nd2 Bc5 35. N4b3 Bb6 36. Nxc4 Qxc4 37. Nd2 {[%emt 0:00:30] Against Qe4} Qc6 38. Nf3 Qc4 39. Nd2 {[%emt 0:00:30] Against Qe4} Qc5 40. Nb3 Qb5 ({Black should play} 40... Qc4 $11) 41. Qf3 Qa4 42. Nd4 Re7 43. Rh1 gxf4 44. gxf4 Rh8 45. g4 Ree8 46. Rd2 Qc4 (46... Kb8 $14) 47. Qd1 $16 Kb8 48. Rdh2 Rhg8 49. Rxh6 Bxd4 50. cxd4 (50. Qxd4 Rxg4 51. Rf6 Rg7 $11) 50... Rc8 51. g5 Qb4 (51... a5 $16 52. Rh7 Rgf8) 52. a3 $18 Qb6 53. Rh7 Rgf8 (53... Rc7 $142 54. Ka2 a5) 54. R1h3 Rc4 55. Rd3 (55. Rb3 $18 Qc6 56. Qd3) 55... Qb5 (55... a5 $16 {keeps fighting.} 56. Qb3 Qa6) 56. Qb3 (56. f5 $142) 56... Qc6 57. Ka2 (57. f5 $18) 57... a5 $16 {[%emt 0:00:30] ...a4 is the strong threat.} 58. Rc3 {[%emt 0:00:30] White has more active pieces.} a4 59. Qc2 Qb5 {[%emt 0:00:30] [#]} 60. Rxc4 ({White should try} 60. Qd3 $1 $16) 60... dxc4 {[%emt 0:00:30][%mdl 4096] Endgame KQR-KQR} 61. Qc3 {[%emt 0:00:30] Black must now prevent Qb4.} Qd5 62. Rg7 Rh8 $2 (62... Kc8 $11 {and Black is okay.}) 63. Rxf7 $18 Rh1 $2 (63... Rg8 64. Re7 Kc8) 64. g6 {[%emt 0:00:30] Intending g7 and mate.} Rg1 65. g7 {[%emt 0:00:30] White threatens Rf8+ and mate.} Ka7 66. g8=Q Rxg8 {[%emt 0:00:30] [#]} 67. Rc7 $1 {[%emt 0:00:30] And now Rc5 would win.} Rg4 (67... Qb5 $142 68. Qxc4 (68. Rxc4 Qd5 $11) 68... Qxc4+ 69. Rxc4 Re8 70. Rxa4+ Kb6 71. Rb4+ Kc7) 68. Rc5 (68. Qxc4 Rxf4 69. Qxd5 exd5 $11) (68. Rxc4 Ka6 69. b3 Rg2+ 70. Ka1 Rg1+ 71. Kb2 Rg2+ 72. Kc1 Rg1+ 73. Kb2 Rg2+ 74. Kc1 Rg1+ 75. Kb2 $11) 68... Qd7 69. d5 {[%emt 0:00:30] Threatening mate with Qa5+.} b6 {[%emt 0:00:30] Inhibits Qa5+.} 70. dxe6 ({Worse is} 70. Rxc4 Qxd5 71. Qd4 Qxd4 72. Rxd4 b5 $11) 70... Qb7 71. Rxc4 Qd5 72. Qd4 ({Not} 72. e7 Rxf4 73. e8=Q (73. e8=R Rxc4 $11) 73... Rxc4 $18) 72... Qxe6 73. Ka1 {[%emt 0:00:30] White wants to mate with Rc7+.} Kb7 {[%emt 0:00:30] Prevents Rc7+.} 74. Rc1 Qe8 75. Qe4+ Ka6 76. Qe2+ {[%emt 0:00:30] Weighted Error Value: White=0.18 (very precise) /Black=0.17 (very precise)} 1-0

[Event "71st Greek Championship 2022"]
[Site "Athens"]
[Date "2022.12.11"]
[Round "9.4"]
[White "Markidis, Konstantinos"]
[Black "Mitsis, Georgios"]
[Result "1/2-1/2"]
[ECO "C92"]
[WhiteElo "2290"]
[BlackElo "2365"]
[Annotator "TA"]
[PlyCount "28"]
[EventDate "2022.12.04"]
[EventType "tourn"]
[EventCountry "GRE"]
[SourceTitle "playchess.com"]
[Source "ChessBase"]
[SourceQuality "1"]
[TimeControl "40/5400+30:1800+30"]

1. e4 e5 2. Nf3 Nc6 3. Bb5 a6 4. Ba4 Nf6 5. O-O Be7 6. Re1 b5 7. Bb3 d6 8. c3 O-O 9. h3 Bb7 10. d4 Re8 {[%emt 0:00:06] [#]} 11. Ng5 $146 ({Predecessor:} 11. Nbd2 Bf8 12. a3 h6 13. Bc2 Nb8 14. b3 Nbd7 15. Bb2 g6 16. a4 Bg7 17. Bd3 bxa4 18. Rxa4 d5 19. dxe5 Nxe4 20. Nxe4 dxe4 21. Bxe4 Bxe4 22. Raxe4 Nxe5 23. Nxe5 Qxd1 24. Rxd1 Rxe5 25. Rxe5 Bxe5 {½-½ (44) Firouzja,A (2778)-Le,Q (2728) Miami 2022}) 11... Rf8 12. Nf3 Re8 13. Ng5 {[%emt 0:00:05] 13.Bc2 is setting a new trend.} Rf8 14. Nf3 Re8 1/2-1/2